 Dungeon Crawl Stone Soup version 0.25-a0-719-gde951dce62 (webtiles) character file.

Game seed: 12170475538574623560, levelgen mode: deterministic

187 Maedhros the Sneak (level 5, -4/33 HPs)
             Began as an Octopode Artificer on Apr 6, 2020.
             Killed from afar by an orc wizard (11 damage)
             ... with a puff of frost
             ... on level 5 of the Dungeon.
             The game lasted 00:02:34 (1919 turns).

Maedhros the Sneak (Octopode Artificer)             Turns: 1919, Time: 00:02:34

Health: -4/33      AC:  1    Str: 11    XL:     5   Next: 66%
Magic:  8/8        EV: 13    Int: 13    God:
Gold:   133        SH:  0    Dex: 14    Spells: 4/4 levels left

rFire    . . .     SeeInvis .   a - +0 short sword
rCold    . . .     Gourm    .   (no shield)
rNeg     . . .     Faith    .   (helmet restricted)
rPois    .         Spirit   .   (no amulet)
rElec    .         Reflect  .   (no ring)
rCorr    .         Harm     .   (no ring)
MR       .....                  (no ring)
Stlth    ++++......             (no ring)
HPRegen  0.11/turn              (no ring)
MPRegen  0.11/turn              (no ring)
                                (no ring)
                                (no ring)

@: no status effects
A: almost no armour, stealthy swim, amphibious, 8 rings, constrict 8, camouflage
1, gelatinous body 1
a: no special abilities


You were on level 5 of the Dungeon.
You were not hungry.

You visited 1 branch of the dungeon, and saw 5 of its levels.

You collected 133 gold pieces.

Inventory:

Hand Weapons
 a - a +0 short sword (weapon)
Wands
 b - a wand of flame (5)
 c - a wand of enslavement (10)
 d - a wand of random effects (15)
Scrolls
 e - a scroll of noise {unknown}
 g - 2 scrolls of blinking {unknown}
 h - 2 scrolls of identify {unknown}
 j - a scroll of random uselessness {unknown}
 n - a scroll of fog {unknown}
 o - a scroll of enchant armour {unknown}
 p - a scroll of holy word {unknown}
Potions
 i - 2 potions of flight {unknown}
 k - a potion of might {unknown}
 l - a potion of degeneration {unknown}
 m - a potion of heal wounds {unknown}
Comestibles
 f - 3 rations


   Skills:
 - Level 1.0 Fighting
 - Level 1.0 Short Blades
 - Level 2.0 Dodging
 + Level 5.5 Stealth
 + Level 5.3 Evocations


You had 4 spell levels left.
You didn't know any spells.
Your spell library was empty.

Dungeon Overview and Level Annotations

Branches:
Dungeon (5/15)             Temple (0/1) D:5

Altars:
Xom

Shops:
D:5 (


Innate Abilities, Weirdness & Mutations

You cannot wear most types of armour.
You are very stealthy in the water. (Stealth+)
You are amphibious.
You can wear up to eight rings at the same time.
You can use your tentacles to constrict eight enemies at once.
Your skin changes colour to match your surroundings (Stealth+).
Your rubbery body absorbs attacks. (AC +1, EV +1)


Message History

The orc wizard flickers and vanishes!
Deactivating autopickup; reactivate with Ctrl-A.
A puff of flame appears from out of thin air!
The puff of flame hits you!
* * * LOW HITPOINT WARNING * * *
Evoke which item? (* to show all) (? for menu, Esc to quit)
Aiming: Throw Flame
Press: ? - help, Shift-Dir - straight line You feel yourself speed up.
You start resting.
Something hits you.
* * * LOW HITPOINT WARNING * * *
Something hits you but does no damage.
Evoke which item? (* to show all) (? for menu, Esc to quit)
Aiming: Throw Flame
Press: ? - help, Shift-Dir - straight line, f - you You hear some strange, mumbled words.
A puff of frost appears from out of thin air!
The puff of frost hits you!
You die...

#......#........#.........#
#......'........#..........
#......##..####.##...##....
..####'#########.##...##....
#......................... ..
#.....)#.#................
...+.......∩.................
..########.##########'##...#
#.........@..##......##...#
#............#.............
#............#.............
+............#.............
####............######..###..#
#..>..(#+###........ #########
#<.....'...#......... #....
#......#...#.........# +....
#......#...#.........# #....


There were no monsters in sight!

Vanquished Creatures
  A bullfrog zombie (D:5)
  A crimson imp (D:5)
  An orc priest (D:5)
  An orc wizard (D:5)
  3 adders
  2 worms
  A dart slug (D:1)
  6 giant cockroaches
  8 hobgoblins
  2 jackals (D:4)
  A quokka (D:5)
  2 ball pythons
  A bat (D:3)
  3 frilled lizards
  3 kobolds
  3 rats
39 creatures vanquished.

Vanquished Creatures (collateral kills)
  An orc wizard (D:5)
  A bat (D:1)
  A goblin (D:1)
3 creatures vanquished.

Grand Total: 42 creatures vanquished

Notes
Turn   | Place    | Note
-------+----------+-------------------------------------------
     0 | D:1      | Maedhros the Octopode Artificer began the quest for the
                  | Orb.
     0 | D:1      | Reached XP level 1. HP: 13/13 MP: 3/3
    88 | D:1      | Reached XP level 2. HP: 4/18 MP: 4/4
   718 | D:2      | Reached XP level 3. HP: 23/23 MP: 5/5
  1103 | D:5      | Entered Level 5 of the Dungeon
  1108 | D:5      | Found a shimmering altar of Xom.
  1222 | D:5      | Found Mititwue's Weapon Boutique.
  1228 | D:5      | Reached XP level 4. HP: 28/28 MP: 7/7
  1319 | D:5      | HP: 1/28 [crimson imp (1)]
  1568 | D:5      | Reached skill level 5 in Stealth
  1568 | D:5      | Reached skill level 5 in Evocations
  1568 | D:5      | Reached XP level 5. HP: 17/33 MP: 8/8
  1781 | D:5      | Found a staircase to the Ecumenical Temple.
  1919 | D:5      | Killed from afar by an orc wizard

Levels and vault maps discovered:
D:1:      minmay_arrival_hallway, layout_rooms, st_stairs_8
D:2:      layout_basic, uniq_robin, uniq_terence
D:3:      layout_loops_ring
D:4:      wad_woods_settlement, layout_basic
D:5:      layout_gridville, kennysheep_mini, minmay_temple_entry_statues,
          basic_altar, first_ration, serial_shops, nicolae_shop_crystal

Skill      XL: |  1  2  3  4 |
---------------+-------------+-----
Stealth        | 2 3 5 |  5.5
Evocations     | 4 5 |  5.3
Fighting       | |  1.0
Short Blades   | |  1.0
Dodging        | |  2.0

Action                   |  1- 3 |  4- 6 || total
-------------------------+-------+-------++-------
Melee: Short sword       |    63 |    29 ||    92
       Constrict         |    19 |     6 ||    25
       Tentacles         |    10 |     6 ||    16
Evoke: Wand              |     5 |    10 ||    15
 Stab: Distracted        |     1 |       ||     1
       Sleeping          |     6 |     1 ||     7
  Eat: Chunk             |       |     3 ||     3
Armor: Skin              |     4 |     1 ||     5
Dodge: Dodged            |    39 |    17 ||    56

Table legend:
 A = Non-vault XP
 B = Vault XP
 C = Vault XP percentage of total XP
 D = Non-vault monster count
 E = Vault monster count
 F = Vault count percentage of total count
                 A         B        C        D         E       F
            +---------+---------+-------+---------+---------+-------
      Total |     266 |       2 |   0.7 |      41 |       1 |   2.4
            +---------+---------+-------+---------+---------+-------
        D:1 |      29 |       2 |   6.5 |      18 |       1 |   5.3
        D:2 |       9 |       0 |   0.0 |       4 |       0 |   0.0
        D:3 |       6 |       0 |   0.0 |       4 |       0 |   0.0
        D:4 |      22 |       0 |   0.0 |       4 |       0 |   0.0
        D:5 |     200 |       0 |   0.0 |      11 |       0 |   0.0
            +---------+---------+-------+---------+---------+-------
